 Dungeon Crawl Stone Soup version 0.27.1 (webtiles) character file.

Game seed: 5489692263230269522

1168 MajorAdolf the Skirmisher (level 8, -1/74 HPs)
             Began as a Naga Wanderer on Aug 31, 2021.
             Slain by a wyvern skeleton (10 damage)
             ... on level 6 of the Dungeon.
             The game lasted 00:12:44 (6742 turns).

MajorAdolf the Skirmisher (Naga Wanderer)           Turns: 6742, Time: 00:12:45

Health: -1/74      AC: 12    Str: 17    XL:     8   Next: 40%
Magic:  13/13      EV:  8    Int: 14    God:
Gold:   284        SH:  0    Dex:  9    Spells: 9/14 levels left

rFire    + . .     SeeInvis +   v - +2 hand axe (drain)
rCold    x . .     Faith    .   (no shield)
rNeg     + . .     Spirit   .   z - +1 ring mail {rN+}
rPois    +         Reflect  .   B - +0 helmet
rElec    .         Harm     .   n - +2 cloak
rCorr    .         Rampage  .   f - +0 pair of gloves
Will     +....                  (no barding)
Stlth    ..........             (no amulet)
HPRegen  0.22/turn              (no ring)
MPRegen  0.13/turn              E - ring of fire

@: mighty, silenced, very slow
A: AC +2, large, see invisible, deformed body, poison resistance, slowness 2,
spit poison 1, naga tail 1
a: Spit Poison


You were on level 6 of the Dungeon.
You visited 1 branch of the dungeon, and saw 6 of its levels.

You collected 284 gold pieces.

Inventory:

Hand Weapons
 a - a +0 shortbow
 j - a +0 dagger
 s - a +0 hunting sling
 v - a +2 hand axe of draining (weapon)
Missiles
 d - 70 arrows
 k - 16 sling bullets
 r - 72 bolts
 t - 143 stones
 C - a throwing net
Armour
 f - a +0 pair of gloves (worn)
 n - a +2 cloak (worn)
 z - a +1 ring mail of positive energy (worn)
 B - a +0 helmet (worn)
Jewellery
 q - a ring of ice
 y - a ring of ice
 E - a ring of fire (right hand)
Wands
 c - a wand of flame (14)
Scrolls
 g - a scroll of silence
 i - a scroll of amnesia {unknown}
 m - 3 scrolls of teleportation {unknown}
 o - 4 scrolls of identify {unknown}
 u - a scroll of noise {unknown}
 w - a scroll of torment {unknown}
 x - a scroll of enchant weapon {unknown}
Potions
 e - a potion of attraction {unknown}
 h - 2 potions of berserk rage {unknown}
 l - 2 potions of heal wounds {unknown}
 p - 2 potions of curing {unknown}
 A - a potion of lignification {unknown}
 D - a potion of might
 F - 2 potions of mutation {unknown}


   Skills:
 + Level 5.2 Fighting
 - Level 1.0 Axes
 - Level 1.0 Bows
 - Level 2.4 Armour
 + Level 1.5 Stealth
 + Level 3.5 Spellcasting
 + Level 3.9 Hexes
 + Level 1.1 Summonings
 + Level 3.9 Ice Magic
 + Level 4.5 Evocations


You had 9 spell levels left.
You knew the following spells:

 Your Spells              Type           Power      Damage    Failure   Level
a - Ensorcelled Hibernat  Hex/Ice        26%        N/A       11%         2
b - Summon Guardian Gole  Hex/Summ       9%         N/A       36%         3

Your spell library contained the following spells:

 Spells                   Type           Power      Damage    Failure   Level
 Apportation              Tloc           4%         N/A       36%         1
 Spider Form              Tmut/Pois      1%         N/A       73%         3
 Alistair's Intoxication  Tmut/Pois      1%         N/A       100%        5
 Invisibility             Hex            6%         N/A       100%        6
 Shadow Creatures         Summ           N/A        N/A       100%        6
 Orb of Destruction       Conj           1%         N/A       100%        7
 Spellforged Servitor     Conj/Summ      2%         N/A       100%        7


Dungeon Overview and Level Annotations

Branches:
Dungeon (6/15)
 Temple: D:4-7

Altars:
Fedhas
Nemelex Xobeh
Ru
Yredelemnul
Zin
The Shining One

Shops:
D:2 ?   D:4 (   D:5 *


Innate Abilities, Weirdness & Mutations

Your serpentine skin is tough. (AC +2)
You have supernaturally acute eyesight. (SInv)
Armour fits poorly on your strangely shaped body.
Your system is resistant to poisons. (rPois)
You cover ground very slowly.
You can spit poison.
You have a snake-like lower body.


Message History

The gnoll is moderately wounded.
You closely miss the gnoll. x2; The gnoll barely misses you.
The gnoll hits you with a +0 spear. The gnoll hits you with a +0 halberd.
The gnoll hits you with a +0 club. The gnoll hits you but does no damage.
Unknown command.
You barely miss the gnoll. You closely miss the gnoll. You hit the gnoll.
You drain the gnoll. The gnoll hits you but does no damage.
The gnoll barely misses you. The gnoll closely misses you.
The wyvern skeleton bites you but does no damage.
Unknown command.
Unknown command.
Unknown command.
As you read the scroll labelled GADIUSEIJO, it crumbles to dust.
The creatures around you are filled with an inner flame!
It was a scroll of immolation.
The gnoll hits you with a +0 club. The wyvern skeleton bites you.
The gnoll hits you but does no damage.
The gnoll hits you from afar with a +0 halberd.
* * * LOW HITPOINT WARNING * * *
Unknown command.
As you read the scroll labelled WIOWOTZANK, it crumbles to dust.
A profound silence engulfs you.
It was a scroll of silence.
The wyvern skeleton barely misses you. The gnoll hits you but does no damage.
The phantom hits you!
* * * LOW HITPOINT WARNING * * *
The phantom blinks!
You blink.
Unknown command.
You feel very mighty all of a sudden.
The phantom hits you but does no damage.
The wyvern skeleton bites you.
* * * LOW HITPOINT WARNING * * *
Unknown command.
Okay, then.
Okay, then.
You remove your ring of ice.
Unknown command.
You barely miss the phantom. You slash the wyvern skeleton!
Flame seeps out of the wyvern skeleton.
The wyvern skeleton is engulfed in blazing flames.
Flame seeps out of the wyvern skeleton.
The wyvern skeleton bites you!
You die...

### #.# ##.## ####...##
### #...@...### ###..
#....WZg...### #....
....!..g.>.....## #....
........g.......## #<...
.................###....
.............#.....#..#.
.............#.......##.
.........[...........###
....#................


You could see a phantom (inner flame), 3 gnolls and a wyvern skeleton (inner
flame).

Vanquished Creatures
  An ice beast (D:5)
  A black bear (D:5)
  A necrophage (D:2)
  An ogre (D:6)
  A phantom (D:6)
  2 scorpions (D:4)
  A howler monkey (D:5)
  3 orc priests
  A hound (D:5)
  4 iguanas
  A scorpion zombie (D:5)
  2 orc wizards
  A killer bee zombie (D:5)
  2 hound skeletons (D:5)
  A howler monkey zombie (D:5)
  3 gnolls (D:3)
  10 adders
  3 worms
  2 dart slugs (D:5)
  15 orcs
  8 endoplasms
  8 giant cockroaches
  5 goblins
  6 hobgoblins
  5 jackals
  2 quokkas
  7 ball pythons
  9 bats
  2 frilled lizards
  4 kobolds
  A rat (D:1)
113 creatures vanquished.

Vanquished Creatures (others)
  5 fungi (D:2)
  4 plants (D:2)
9 creatures vanquished.

Grand Total: 122 creatures vanquished

Notes
Turn   | Place    | Note
-------+----------+-------------------------------------------
     0 | D:1      | MajorAdolf the Naga Wanderer began the quest for the Orb.
     0 | D:1      | MajorAdolf set off with the following items: a +0 shortbow,
                  | a +0 ring mail, a wand of flame (15), 25 arrows
     0 | D:1      | Reached XP level 1. HP: 21/21 MP: 1/1
   399 | D:1      | Reached XP level 2. HP: 19/28 MP: 2/2
  1187 | D:1      | Reached XP level 3. HP: 34/34 MP: 3/3
  1588 | D:2      | Learned a level 2 spell: Ensorcelled Hibernation
  1594 | D:2      | Found Edofy's Magic Scroll Shoppe.
  1819 | D:2      | Reached XP level 4. HP: 43/43 MP: 5/5
  1991 | D:2      | Reached skill level 1 in Ice Magic
  2066 | D:2      | Found a faded altar of an unknown god.
  2442 | D:3      | Noticed a necrophage
  2462 | D:2      | Killed a necrophage
  2463 | D:2      | Reached skill level 1 in Spellcasting
  2463 | D:2      | Reached skill level 1 in Hexes
  2463 | D:2      | Reached XP level 5. HP: 36/50 MP: 5/7
  3016 | D:3      | Reached skill level 4 in Fighting
  3232 | D:3      | Reached XP level 6. HP: 50/57 MP: 8/8
  3838 | D:4      | Found a blossoming altar of Fedhas.
  3849 | D:4      | Found Icad's Weapon Boutique.
  3863 | D:4      | Found a sacrificial altar of Ru.
  4204 | D:4      | Found a basalt altar of Yredelemnul.
  4436 | D:4      | Reached XP level 7. HP: 20/66 MP: 5/10
  4997 | D:5      | Entered Level 5 of the Dungeon
  5468 | D:5      | Reached skill level 5 in Fighting
  5468 | D:5      | Reached XP level 8. HP: 68/74 MP: 12/12
  5668 | D:5      | Found Pere's Neck Hole.
  5840 | D:5      | Learned a level 3 spell: Summon Guardian Golem
  6090 | D:6      | Found a sparkling altar of Nemelex Xobeh.
  6090 | D:6      | Found a glowing golden altar of the Shining One.
  6166 | D:6      | Found a glowing silver altar of Zin.
  6623 | D:6      | Reached skill level 1 in Summonings
  6742 | D:6      | Slain by a wyvern skeleton

Illustrated notes

Levels and vault maps discovered:
D:1:      heliophobic_arrival_glass_houses, layout_loops_ring, grunt_decor_cap,
          minmay_misc_feat_room
D:2:      layout_loops_ring, shapermc_ecumenical_altar_acropolis, serial_shops,
          nicolae_shop_statue_plus, minmay_heptomino_h4
D:3:      layout_basic
D:4:      layout_loops_ring, general_overflow_altar, fedhas_altar_1,
          mainiacjoe_overflow_six_doors_small, serial_shops,
          nicolae_shop_waterfront
D:5:      layout_loops_cross, nicolae_shop_sticking_my_neck_out
D:6:      layout_cave_pools, grunt_temple_overflow_open,
          minmay_temple_entry_junction, minmay_misc_feat_iff

Skill      XL: |  1  2  3  4  5  6  7  8 |
---------------+-------------------------+-----
Evocations     | 2 3 4 |  4.5
Ice Magic      | 1 2 3 |  3.9
Spellcasting   | 1 2 3 |  3.5
Hexes          | 1 2 3 |  3.9
Fighting       | 4 5 |  5.2
Summonings     | 1 |  1.1
Axes           | |  1.0
Bows           | |  1.0
Armour         | |  2.4
Stealth        | |  1.5

Action                   |  1- 3 |  4- 6 |  7- 9 || total
-------------------------+-------+-------+-------++-------
Melee: Quarterstaff      |    68 |    35 |       ||   103
       Hand axe          |       |   105 |   161 ||   266
       Dagger            |       |       |     1 ||     1
 Fire: Hunting sling     |       |     5 |     2 ||     7
 Cast: Ensorcelled Hiber |       |     3 |     6 ||     9
 Abil: Spit Poison       |    26 |     5 |     4 ||    35
Evoke: Wand              |     1 |       |       ||     1
  Use: Scroll            |       |       |     2 ||     2
       Potion            |       |       |     1 ||     1
 Stab: Sleeping          |       |     1 |     2 ||     3
Armor: Ring mail         |    15 |    26 |   124 ||   165
       Chain mail        |    59 |    98 |       ||   157
Dodge: Dodged            |    39 |    41 |   109 ||   189
